 Dungeon Sprint DCSS version 0.28.0-47-ge53b351184 (webtiles) character file.

Game seed: 8539169711827643472

46 GigaChad the Covered (level 3, 0/36 HPs)
             Began as a Minotaur Fighter on May 2, 2022.
             Slain by Crazy Yiuf
             ... wielding a +3 quarterstaff of chaos
              (9 damage)
             ... in the Dungeon (Sprint III: "The Ten Rune Challenge").
             The game lasted 00:00:42 (589 turns).

GigaChad the Covered (Minotaur Fighter)              Turns: 589, Time: 00:00:44

Health: 0/36       AC:  7    Str: 20    XL:     3   Next: 46%
Magic:  2/2        EV:  9    Int:  5    God:
Gold:   0          SH:  5    Dex: 11    Spells: 2/2 levels left

rFire   . . .      SeeInvis .   a - +0 long sword
rCold   . . .      Faith    .   c - +0 buckler
rNeg    . . .      Spirit   .   b - +0 scale mail
rPois   .          Reflect  .   (helmet restricted)
rElec   .          Harm     .   (no cloak)
rCorr   .          Rampage  .   (no gloves)
Will    .....      NoTele   +   (no boots)
Stlth   ..........              (no amulet)
HPRegen 0.12/turn               (no ring)
MPRegen 0.08/turn               (no ring)

@: engulfed (cannot breathe)
A: horns 2, retaliatory headbutt
a: no special abilities


You were in the Dungeon.
You visited 1 branch

Inventory:

Hand Weapons
 a - a +0 long sword (weapon)
Armour
 b - a +0 scale mail (worn)
 c - a +0 buckler (worn)
Scrolls
 j - a scroll of blinking
 k - 2 scrolls of identify {unknown}
Potions
 d - a potion of might
 e - a potion of curing
 f - a potion of heal wounds
 g - a potion of haste
 h - 2 potions of magic
 i - a potion of berserk rage


   Skills:
 + Level 5.4 Fighting
 + Level 3.9 Long Blades
 + Level 5.9 Armour
 + Level 0.3 Dodging
 + Level 5.6 Shields


You had 2 spell levels left.
You didn't know any spells.
Your spell library was empty.

Dungeon Overview and Level Annotations

Branches:
Dungeon (1/1)

Altars:

Annotations:
D Crazy Yiuf


Innate Abilities, Weirdness & Mutations

You have a pair of horns on your head.
You reflexively headbutt those who attack you in melee.


Message History

The human misses you.
You barely miss the human.
The human is severely wounded.
The human barely misses you. x2
You completely miss the human. Your headbutt misses the human.
The human is severely wounded.
You block the human's attack.
You hit the human but do no damage. Your headbutt misses the human.
The human is severely wounded.
The human barely misses you.
You closely miss the human.
You headbutt the human, but do no damage.
The human is severely wounded.
The human closely misses you.
You closely miss the human. Your headbutt misses the human.
The human is severely wounded.
The human hits you. You block the human's attack.
You closely miss the human. Your headbutt misses the human.
The human is severely wounded.
The human hits you.
You slash the human!
You kill the human!
You start resting.
HP restored.
Crazy Yiuf the Enlightened comes into view.
He is wielding a +3 quarterstaff of chaos.
Crazy Yiuf shouts!
As you open the door, it creaks loudly!
A water elemental comes into view.
You block the water elemental's attack.
There is an open door to the Ecumenical Temple here.
The water elemental hits you!
You closely miss the water elemental. The water elemental hits you!
The water elemental engulfs you in water!
You slash the water elemental!
The water elemental is moderately damaged.
* * * LOW HITPOINT WARNING * * *
Your lungs strain for air!
The water elemental barely misses you.
Crazy Yiuf hits you with a +3 quarterstaff of chaos!
You die...

▓ ▓▓▓ # ♣.# # #.... ♣.#
####....♣ ♣♣.#
...#....≈♣♣♣♣..###+#+###
...#...≈≈♣.♣♣..#........
..)#..≈≈≈g♣..♣.g@⌠......
##'#..≈≈≈≈≈≈.♣.#E..#####
..†#.≈≈≈≈≈≈....#.⌠.#
.).#.≈≈≈≈≈.....#...#
...#.≈≈≈.......#+###
####...........#
...............#
▓▓▓▓▓▓▓▓▓▓▓▓▓▓▓▓


You could see a water elemental and Crazy Yiuf.

Vanquished Creatures
  Jessica (D)
  A human (D)
  An endoplasm (D)
  2 rats (D)
5 creatures vanquished.

Notes
Turn   | Place    | Note
-------+----------+-------------------------------------------
     0 | D        | GigaChad the Minotaur Fighter began the quest for the Orb.
     0 | D        | Reached XP level 1. HP: 19/19 MP: 0/0
   254 | D        | Noticed Jessica
   267 | D        | Killed Jessica
   268 | D        | Reached skill level 5 in Fighting
   268 | D        | Reached skill level 5 in Armour
   268 | D        | Reached skill level 5 in Shields
   268 | D        | Reached XP level 2. HP: 15/29 MP: 1/1
   268 | D        | Reached XP level 3. HP: 18/36 MP: 2/2
   577 | D        | Noticed Crazy Yiuf
   585 | D        | Noticed a water elemental
   589 | D        | Slain by Crazy Yiuf

Illustrated notes

Levels and vault maps discovered:
D:        dungeon_sprint_mu [sprint_mu_entry_forest, sprint_mu_temple_rooms,
          sprint_mu_d1_spiders, sprint_mu_d2_genie, sprint_mu_d3_branching,
          sprint_mu_orc_legion, sprint_mu_elf_gauntlet, sprint_mu_hive_nellie,
          sprint_mu_lair_fedhas, sprint_mu_vaults_butterflies,
          sprint_mu_slime_circle, sprint_mu_shoals_archi,
          sprint_mu_snake_twists, sprint_mu_blade_basic, sprint_mu_crypt_lich,
          sprint_mu_tomb_spiral, sprint_mu_vestibule_basic,
          sprint_mu_gehenna_hellfire, sprint_mu_dis_giant,
          sprint_mu_tartarus_statrot, sprint_mu_cocytus_islands, sprint_mu_zot1]

Skill      XL: |  1 |
---------------+----+-----
Fighting       | 5 |  5.4
Armour         | 5 |  5.9
Shields        | 5 |  5.6
Long Blades    | 3 |  3.9
Dodging        | |  0.3

Action                   || total
-------------------------++-------
Melee: Long sword        ||    35
       Headbutt          ||     4
Armor: Scale mail        ||    13
Dodge: Dodged            ||    14
Block: Buckler           ||    10
